 Dungeon Crawl Stone Soup version 0.30-a0-135-g630cfc4551 (webtiles) character file.

Game seed: 12703844496125328884

36 LnG the Caller (level 3, 0/19 HPs)
             Began as a Kobold Summoner on Sept 21, 2022.
             Succumbed to an adder's poison
             ... on level 2 of the Dungeon.
             The game lasted 00:04:26 (1843 turns).

LnG the Caller (Kobold Summoner)                    Turns: 1843, Time: 00:04:27

Health: 0/19       AC:  2    Str:  5    XL:     3   Next: 57%
Magic:  1/6        EV: 15    Int: 18    God:
Gold:   40         SH:  0    Dex: 15    Spells: 4/7 levels left

rFire   . . .      SeeInvis .    h - +0 dagger
rCold   . . .      Faith    .    (no shield)
rNeg    . . .      Spirit   .    a - +0 robe
rPois   .          Reflect  .    (no helmet)
rElec   .          Harm     .    (no cloak)
rCorr   .          Rampage  .    (no gloves)
Will    .....                    (no boots)
Stlth   +++.......               (no amulet)
HPRegen 0.06/turn                (no ring)
MPRegen 0.10/turn                (no ring)

@: lethally poisoned (0 -> -9), very slightly contaminated
A: small, no large weapons, nightstalker 3
a: no special abilities


You were on level 2 of the Dungeon.
You visited 1 branch of the dungeon, and saw 2 of its levels.

You collected 40 gold pieces.

Inventory:

Hand Weapons
 h - a +0 dagger (weapon)
Armour
 a - a +0 robe (worn)
Scrolls
 d - a scroll of torment {unknown}
Potions
 b - a potion of magic
 c - 3 potions of curing {unknown}
 e - a potion of resistance {unknown}
 f - a potion of haste {unknown}
 g - 2 potions of heal wounds {unknown}
 i - a potion of mutation {unknown}
 j - a potion of ambrosia {unknown}


   Skills:
 + Level 0.7 Short Blades
 + Level 2.6 Dodging
 + Level 3.2 Stealth
 + Level 0.3 Unarmed Combat
 + Level 2.6 Spellcasting
 + Level 4.4 Summonings


You had 4 spell levels left.
You knew the following spells:

 Your Spells              Type           Power      Damage    Failure   Level
a - Summon Small Mammal   Summ           72%        N/A       2%          1
b - Call Imp              Summ           18%        N/A       4%          2

Your spell library contained the following spells:

 Spells                   Type           Power      Damage    Failure   Level
 Call Canine Familiar     Summ           18%        N/A       9%          3
 Summon Guardian Golem    Hex/Summ       10%        N/A       21%         3
 Summon Lightning Spire   Summ/Air       10%        N/A       56%         4


Dungeon Overview and Level Annotations

Branches:
Dungeon (2/15)

Altars:


Innate Abilities, Weirdness & Mutations

You are small and have problems with some larger weapons.
You are completely attuned to the shadows.


Message History

Your iron imp disappears in a puff of smoke!
Magic restored.
You swap places.
Your bat disappears in a puff of smoke!
An adder comes into view.
A goblin and an adder come into view.
A hobgoblin comes into view.
The goblin shouts!
The hobgoblin shouts!
Casting: Call Imp (safe; 4% risk of failure)
Confirm with . or Enter, or press ? or * to list all spells.
The adder misses you. The goblin barely misses you.
The adder closely misses you. x2
Casting: Summon Small Mammal (safe; 2% risk of failure)
Confirm with . or Enter, or press ? or * to list all spells.
You miscast Call Imp.
You are very lightly contaminated with residual magic.
Nothing appears to happen.
The goblin barely misses you. The adder bites you. x2
Your quokka bites the goblin.
The goblin dies!
Casting: Call Imp (safe; 4% risk of failure)
Confirm with . or Enter, or press ? or * to list all spells.
A shadowy apparition takes form in the air.
The hobgoblin closely misses your shadow imp.
The adder closely misses you. The adder bites you.
You are poisoned.
The adder poisons you!
You feel sick.
The hobgoblin barely misses your shadow imp.
Your quokka bites the adder but does no damage.
Your shadow imp hits the hobgoblin.
The adder bites you.
* * * LOW HITPOINT WARNING * * *
You are more poisoned.
The adder poisons you! The adder attacks as you move away! The adder bites you.
* * * LOW HITPOINT WARNING * * *
x2 You feel sick.
The hobgoblin barely misses your shadow imp.
Your quokka bites the adder.
Your shadow imp hits the hobgoblin.
The hobgoblin dies!
You die...

#.# #.# #.# #.#
##
.....########.#
..##
...##........#
....
#.#....#######
....##.#.#..#
....SS.@....#
..r5##.#.##.#
.... #.#.##.#
#### #.#.# .#
#.#.. ...


You could see 2 adders and a friendly shadow imp (summoned).

Vanquished Creatures
  A dart slug (D:1)
  3 ball pythons (D:1)
  3 endoplasms (D:1)
  2 giant cockroaches (D:1)
  2 goblins (D:1)
  4 hobgoblins (D:1)
  A quokka (D:1)
  2 kobolds
  A rat (D:1)
19 creatures vanquished.

Vanquished Creatures (collateral kills)
  An endoplasm (D:1)
  2 goblins
  A hobgoblin (D:2)
  2 bats (D:1)
  2 frilled lizards (D:1)
  3 kobolds
11 creatures vanquished.

Grand Total: 30 creatures vanquished

Notes
Turn   | Place    | Note
-------+----------+-------------------------------------------
     0 | D:1      | LnG the Kobold Summoner began the quest for the Orb.
     0 | D:1      | Reached XP level 1. HP: 10/10 MP: 3/3
   492 | D:1      | Reached XP level 2. HP: 15/15 MP: 3/5
   793 | D:1      | Reached XP level 3. HP: 9/19 MP: 3/6
   796 | D:1      | Learned a level 2 spell: Call Imp
  1843 | D:2      | Succumbed to an adder's poison

Illustrated notes

Levels and vault maps discovered:
D:1:      lemuel_arrival_hallway, layout_basic, serial_aquarium,
          aquarium_bridge_island_small [aquarium_subvault_small_open,
          aquarium_subvault_wall, aquarium_subvault_window,
          aquarium_subvault_bridge, aquarium_subvault_window],
          aquarium_window_fake, aquarium_window_1, aquarium_window_fake,
          aquarium_window_fake, aquarium_view_2a, nicolae_titane
D:2:      kennysheep_big_flooded_room, layout_loops_corners, serial_shops,
          shop_fountains

Skill      XL: |  1  2 |
---------------+-------+-----
Stealth        | 3 |  3.2
Short Blades   | |  0.7
Dodging        | |  2.6
Unarmed Combat | |  0.3
Spellcasting   | |  2.6
Summonings     | |  4.4

Action                   || total
-------------------------++-------
Melee: Unarmed           ||     9
       Dagger            ||    34
       Club              ||     1
 Cast: Summon Small Mamm ||    22
       Call Imp          ||     2
 Stab: Sleeping          ||    11
Armor: Robe              ||     8
Dodge: Dodged            ||    27

Table legend: (Time is in decaauts)
 A = Elapsed time spent in this place.
 B = Non-inter-level travel time spent in this place.
 C = Inter-level travel time spent in this place.
 D = Time resting spent in this place.
 E = Time spent auto-exploring this place.
 F = Levels seen in this place.
 G = Mean time per level.
                   A        B        C        D        E       F      G
               +--------+--------+--------+--------+--------+-----+--------+
         Total |   1841 |   1741 |    100 |    322 |   1054 |   2 |  920.5 |
       Dungeon |   1841 |   1741 |    100 |    322 |   1054 |   2 |  920.5 |
               +--------+--------+--------+--------+--------+-----+--------+

Top non-repeatable levels by time:
     D:1: 1708 daAuts
     D:2: 132 daAuts
